 Dungeon Crawl Stone Soup version 0.30-a0-760-g5a9884bb7c (webtiles) character file.

Game seed: 18376276621662219

47 funkygono the Firebug (level 3, -10/19 HPs)
             Began as a Gargoyle Fire Elementalist on Feb 11, 2023.
             Mangled by Crazy Yiuf
             ... wielding a +4 quarterstaff of chaos
              (12 damage)
             ... on level 2 of the Dungeon.
             The game lasted 00:02:20 (2346 turns).

funkygono the Firebug (Gargoyle Fire Elementalist)  Turns: 2346, Time: 00:02:20

Health: -10/19     AC:  6    Str: 11    XL:     3   Next: 70%
Magic:  2/6        EV: 12    Int: 17    God:
Gold:   81         SH:  0    Dex: 16    Spells: 0/6 levels left

rFire   . . .      SeeInvis .    n - +0 flail
rCold   . . .      Faith    .    (no shield)
rNeg    + . .      Spirit   .    a - +0 robe
rPois   ∞          Reflect  .    f - +0 helmet
rElec   +          Harm     .    (no cloak)
rCorr   .          Rampage  .    (no gloves)
Will    .....                    (no boots)
Stlth   ++                       (no amulet)
HPRegen 0.23/turn                d - +6 ring of dexterity
MPRegen 0.10/turn                (no ring)

@: no status effects
A: sickness immunity, AC +3, negative energy resistance 1, electricity
resistance, torment resistance 1, petrification resistance
a: no special abilities


You were on level 2 of the Dungeon.
You visited 1 branch of the dungeon, and saw 2 of its levels.

You collected 81 gold pieces.

Inventory:

Hand Weapons
 j - a +0 club
 n - a +0 flail (weapon)
Armour
 a - a +0 robe (worn)
 e - a +2 scale mail of cold resistance
 f - a +0 helmet (worn)
 g - a +0 leather armour
Jewellery
 d - a +6 ring of dexterity (left hand)
 r - an amulet of regeneration
Scrolls
 c - 3 scrolls of identify {unknown}
 h - a scroll of poison {unknown}
 m - 2 scrolls of teleportation {unknown}
 p - a scroll of summoning {unknown}
 q - 3 scrolls of silence {unknown}
Potions
 b - a potion of magic
 i - a potion of haste {unknown}
 k - a potion of degeneration {unknown}
 l - a potion of resistance {unknown}
 o - a potion of curing {unknown}
 s - a potion of berserk rage {unknown}


   Skills:
 + Level 1.6 Dodging
 - Level 2.1 Stealth
 + Level 2.3 Spellcasting
 + Level 1.6 Conjurations
 + Level 4.1 Fire Magic


You couldn't memorise any spells.
You knew the following spells:

 Your Spells              Type           Power      Damage    Failure   Level
a - Foxfire               Conj/Fire      44%        2x1d6     6%          1
b - Scorch                Fire           32%        2d6       5%          2
c - Kindle Blastsparks    Fire/Tloc/Air  12%        2d11      32%         3

Your spell library contained the following spells:

 Spells                   Type           Power      Damage    Failure   Level
 Inner Flame              Hex/Fire       9%         N/A       24%         3
 Flame Wave               Conj/Fire      11%        2d6       50%         4


Dungeon Overview and Level Annotations

Branches:
Dungeon (2/15)

Altars:
Sif Muna

Annotations:
D:2 Crazy Yiuf


Innate Abilities, Weirdness & Mutations

You are immune to sickness and miasma.
Your stone body is resilient. (AC +3)
You are immune to poison.
You resist negative energy. (rN+)
You are resistant to electric shocks. (rElec)
You are resistant to unholy torment.
You are immune to petrification.


Message History

Casting: Foxfire (safe; 6% risk of failure)
Confirm with . or Enter, or press ? or * to list all spells.
You conjure some foxfire!
Casting: Foxfire (safe; 6% risk of failure)
Confirm with . or Enter, or press ? or * to list all spells.
Flames lash the kobold.
You kill the kobold!
Unknown command.
Your foxfire dissipates!
Found a stone staircase leading down.
There is an open door here.
There is an open door here.
There is an open door here.
You see here a +0 scale mail.
There is a large open door here.
There is a large open door here.
There is an open door here.
There is an open door here.
You see here a +0 hammer.
You see here a +0 hammer.
Crazy Yiuf shouts!
You open the door.
Casting: Scorch (safe; 5% risk of failure)
Confirm with . or Enter, or press ? or * to list all spells.
Flames lash Crazy Yiuf.
Crazy Yiuf is heavily wounded.
Crazy Yiuf's fire resistance burns away.
Crazy Yiuf hits you with a +4 quarterstaff of chaos!
Ouch! That really hurt!
* * * LOW HITPOINT WARNING * * *
Casting: Scorch (safe; 5% risk of failure)
Confirm with . or Enter, or press ? or * to list all spells.
Okay, then.
Casting: Scorch (safe; 5% risk of failure)
Confirm with . or Enter, or press ? or * to list all spells.
Flames lash Crazy Yiuf.
Crazy Yiuf is burned terribly!
Crazy Yiuf is heavily wounded.
Crazy Yiuf hits you with a +4 quarterstaff of chaos!
Ouch! That really hurt!
You die...

..#
#.#####............##..<....
..####.#
#...........[''.......
..#....#
#............##.......
..#.##.##
##################+###
..#.##..# #.... ..'.###.#
♣♣♣♣♣## ####. ..#.....# ###
♣♣♣.♣...### #. '########
#.).#♣))♣......## ## .# #.#
#.))g@♣♣♣♣......# .# # #
#)).#♣♣ ♣♣..#..# ## .#
#P#### ### ♣♣##..#####.
#####P##.# #.....##.
...#####.# #.....##.
##......#### #.....'.<
.#####.....# #.....###
.....#.#.#.# #......#.
.###.....#.##### #####
#......##


You could see Crazy Yiuf (combustible).

Vanquished Creatures
  An adder (D:2)
  2 ball pythons
  3 endoplasms
  A goblin (D:1)
  3 hobgoblins (D:1)
  7 jackals (D:1)
  3 quokkas (D:1)
  5 bats
  A frilled lizard (D:1)
  A kobold (D:2)
  6 rats
33 creatures vanquished.

Vanquished Creatures (others)
  82 foxfires
82 creatures vanquished.

Grand Total: 115 creatures vanquished

Notes
Turn   | Place    | Note
-------+----------+-------------------------------------------
     0 | D:1      | funkygono the Gargoyle Fire Elementalist began the quest
                  | for the Orb.
     0 | D:1      | Reached XP level 1. HP: 10/10 MP: 3/3
   143 | D:1      | Reached XP level 2. HP: 15/15 MP: 3/5
   166 | D:1      | Learned a level 2 spell: Scorch
   870 | D:1      | Reached XP level 3. HP: 19/19 MP: 2/6
   874 | D:1      | Learned a level 3 spell: Kindle Blastsparks
  1274 | D:2      | Reached skill level 4 in Fire Magic
  1715 | D:2      | Found a shimmering blue altar of Sif Muna.
  1935 | D:2      | Found a runed translucent door.
  1936 | D:2      | Noticed Crazy Yiuf
  2346 | D:2      | Mangled by Crazy Yiuf

Illustrated notes

Levels and vault maps discovered:
D:1:      mrwooster_arrival_statue, layout_basic
D:2:      layout_basic, basic_altar, serial_aquarium, aquarium_bridge_square
          [aquarium_subvault_bridge, aquarium_subvault_window,
          aquarium_subvault_bridge, aquarium_subvault_bridge],
          aquarium_window_corner, aquarium_window_2, aquarium_view_2c,
          aquarium_view_2d, roderic_serpentine_path, nrook_mini_vaults,
          uniq_crazy_yiuf_cottage

Skill      XL: |  1  2  3 |
---------------+----------+-----
Fire Magic     | 4 |  4.1
Dodging        | |  1.6
Stealth        | |  2.1
Spellcasting   | |  2.3
Conjurations   | |  1.6

Action                     || total
---------------------------++-------
  Melee: Unarmed           ||     1
         Club              ||     6
   Cast: Foxfire           ||    50
         Scorch            ||     5
 Armour: Robe              ||    13
  Dodge: Dodged            ||    21

Table legend: (Time is in decaauts)
 A = Elapsed time spent in this place.
 B = Non-inter-level travel time spent in this place.
 C = Inter-level travel time spent in this place.
 D = Time resting spent in this place.
 E = Time spent auto-exploring this place.
 F = Levels seen in this place.
 G = Mean time per level.
                   A        B        C        D        E       F      G
               +--------+--------+--------+--------+--------+-----+--------+
         Total |   2346 |   2325 |     21 |     28 |   2022 |   2 | 1173.0 |
       Dungeon |   2346 |   2325 |     21 |     28 |   2022 |   2 | 1173.0 |
               +--------+--------+--------+--------+--------+-----+--------+

Top non-repeatable levels by time:
     D:1: 1270 daAuts
     D:2: 1075 daAuts
